 Dungeon Crawl Stone Soup version 0.30-a0-702-gdf48620a09 (webtiles) character file.

Game seed: 11560221017812103777

64798 browni3141 the Thaumaturge (level 15, -16/111 HPs)
             Began as a Djinni Fire Elementalist on Jan 21, 2023.
             Was a High Priest of Makhleb.
             Demolished by a skeletal warrior
             ... wielding a +0 battleaxe
              (30 damage)
             ... on level 11 of the Dungeon.
             The game lasted 00:58:53 (24742 turns).

browni3141 the Thaumaturge (DjFE)                  Turns: 24742, Time: 00:58:54

Health: -16/111    AC: 11    Str: 14    XL:     15   Next: 55%
Gold:   1232       EV: 11    Int: 27    God:    Makhleb [*****.] SH:  5 Dex: 28

rFire   + + .      SeeInvis .    a - +7 sling of Icyanixy {flame, *Slow rCorr Dex+8}
rCold   x . .      Faith    .    (no shield)
rNeg    + . .      Spirit   .    z - +0 scale mail of Makhleb's Displeasure {Int+5}
rPois   ∞          Reflect  +    (no helmet)
rElec   .          Harm     .    m - +2 ratskin cloak {*Rats rPois rN+ Str-1 Int-1 Dex+1}
rCorr   +          Rampage  .    S - +0 pair of gloves
Will    +....                    (boots unavailable)
Stlth   +                        k - amulet of reflection
HPRegen 0.38/turn                B - +6 ring of intelligence
MPRegen 0.00/turn                j - +6 ring of strength

@: flying
A: sickness immunity, fire resistance 2, cold vulnerability 1, float, innate
caster, HP casting, extra vitality 1
a: Renounce Religion, Minor Destruction, Lesser Servant of Makhleb, Major
Destruction, Greater Servant of Makhleb


You were on level 11 of the Dungeon.
You worshipped Makhleb.
Makhleb was extremely pleased with you.
You visited 4 branches of the dungeon, and saw 18 of its levels.

You collected 1336 gold pieces.
You spent 104 gold pieces at shops.

Inventory:

Hand Weapons
 a - the +7 sling of Icyanixy (weapon) {flame, *Slow rCorr Dex+8}
   (You took it off an orc on level 6 of the Dungeon)

   Dex:       It affects your dexterity (+8).
   rCorr:     It protects you from acid and corrosion.
   *Slow:     It may slow you when you take damage.
 b - a +9 heavy scimitar
 O - a +0 triple sword
Missiles
 q - 2 throwing nets
Armour
 f - a +0 cloak
 m - the +2 ratskin cloak (worn) {*Rats rPois rN+ Str-1 Int-1 Dex+1}
   (You found it on level 2 of the Dungeon)

   *Rats:     When the wearer is hurt, rats may emerge from it to assist them.
   Str:       It affects your strength (-1).
   Int:       It affects your intelligence (-1).
   Dex:       It affects your dexterity (+1).
   rPois:     It protects you from poison.
   rN:        It protects you from negative energy.
 z - the +0 scale mail of Makhleb's Displeasure (worn) {Int+5}
   (You found it on level 4 of the Dungeon)

   Int:       It affects your intelligence (+5).
 D - a +0 robe
 S - a +0 pair of gloves (worn)
 U - a +0 kite shield
Jewellery
 j - a +6 ring of strength (right hand)
 k - an amulet of reflection (around neck)
 B - a +6 ring of intelligence (left hand)
 K - a ring of see invisible
 M - a ring of ice
 P - a +6 ring of strength
 Q - a ring of resist corrosion
Wands
 r - a wand of flame (63)
 s - a wand of paralysis (21)
 t - a wand of roots (14)
 y - a wand of acid (7)
 R - a wand of digging (7)
 T - a wand of mindburst (8)
Scrolls
 h - 3 scrolls of vulnerability
 i - 12 scrolls of teleportation
 l - 4 scrolls of amnesia
 p - 3 scrolls of enchant armour
 v - a scroll of magic mapping
 x - 4 scrolls of poison
 A - 4 scrolls of immolation
 C - 4 scrolls of fear
 G - a scroll of torment
 H - a scroll of enchant weapon
 J - a scroll of fog
 W - a scroll of acquirement {unknown}
 X - a scroll of identify
Potions
 c - 6 potions of mutation
 d - 8 potions of curing
 e - 6 potions of brilliance
 n - 5 potions of lignification
 o - 3 potions of attraction
 u - a potion of ambrosia {unknown}
 w - 3 potions of might {unknown}
 E - 2 potions of magic
 F - a potion of flight {unknown}
 I - a potion of cancellation {unknown}
 L - 3 potions of invisibility {unknown}
 N - 3 potions of degeneration {unknown}
 V - 2 potions of berserk rage {unknown}


   Skills:
 * Level 11.2 Fighting
 * Level 11.1 Long Blades
 - Level 5.0 Armour
 * Level 3.3 Dodging
 - Level 1.5 Stealth
 * Level 2.1 Shields
 - Level 14.0 Spellcasting
 - Level 8.0 Invocations
 - Level 5.0 Evocations


You had 4 spell levels left.
You knew the following spells:

 Your Spells              Type           Power      Damage    Failure   Level
a - Foxfire               Conj/Fire      100%       2x1d9     1%          1
b - Scorch                Fire           100%       2d10      1%          2
c - Kindle Blastsparks    Fire/Tloc/Air  100%       2d18      1%          3
d - Inner Flame           Hex/Fire       76%        N/A       1%          3
e - Flame Wave            Conj/Fire      76%        2d17      1%          4
f - Shock                 Conj/Air       100%       1d9       1%          1
g - Wereblood             Tmut           76%        N/A       1%          2
h - Searing Ray           Conj           100%       2d8       1%          2
i - Cause Fear            Hex            38%        N/A       1%          4
j - Arcjolt               Conj/Air       38%        1d48      1%          5
k - Iskenderun's Battles  Conj           76%        2d12      1%          5
l - Dispersal             Tloc           38%        N/A       5%          6
Your spell library was empty.

Dungeon Overview and Level Annotations

Branches:
Dungeon (11/15)            Temple (1/1) D:4            Lair (5/5) D:8
 Shoals (1/4) Lair:3       Spider (0/4) Lair:3        Slime (0/5) Lair:4
    Orc (0/2) D:11

Altars:
Ashenzari
Cheibriados
Dithmenos
Elyvilon
Fedhas
Gozag
Hepliaklqana
Makhleb
Nemelex Xobeh
Okawaru
Qazlal
Ru
Trog
Uskayaw
Wu Jian
Xom
Yredelemnul
Zin
The Shining One

Shops:
D:3 [([[(   D:4 (   D:8 **[:

Annotations:
D:11 1 runed translucent door
Lair:3 exclusion: downstairs


Innate Abilities, Weirdness & Mutations

You are immune to sickness and miasma.
You are immune to poison.
Your flesh is very heat resistant. (rF++)
You are vulnerable to cold. (rC-)
You float through the air rather than walking.
You learn spells naturally, not from books.
Your magical power is your life essence.
You have superior vitality. (+4 MHP)


Message History

The skeletal warrior is moderately damaged.
The concussive blast engulfs you. You resist.
You are knocked back by the blast.
Casting: Kindle Blastsparks (safe; 1% risk of failure)
Confirm with . or Enter, or press ? or * to list all spells.
Flames lash the skeletal warrior.
The skeletal warrior is heavily damaged.
The skeletal warrior's fire resistance burns away.
Casting: Scorch (safe; 1% risk of failure)
Confirm with . or Enter, or press ? or * to list all spells.
A cloud of volatile blastsparks flares up around you!
The skeletal warrior hits you with a +0 battleaxe!!
The skeletal warrior attacks as you move away!
The skeletal warrior hits you with a +0 battleaxe!!
* * * LOW HITPOINT WARNING * * *
The cloud of blastsparks explodes!
The concussive blast engulfs the skeletal warrior but does no damage.
The skeletal warrior is heavily damaged.
The concussive blast engulfs you but does no damage.
You feel much better.
The skeletal warrior hits you with a +0 battleaxe!!
* * * LOW HITPOINT WARNING * * *
You feel much better.
The skeletal warrior hits you with a +0 battleaxe!
Casting: Kindle Blastsparks (safe; 1% risk of failure)
Confirm with . or Enter, or press ? or * to list all spells.
Okay, then.
Casting: Kindle Blastsparks (safe; 1% risk of failure)
Confirm with . or Enter, or press ? or * to list all spells.
Okay, then.
The skeletal warrior is no longer more vulnerable to fire.
The skeletal warrior attacks as you move away!
The skeletal warrior hits you with a +0 battleaxe!
* * * LOW HITPOINT WARNING * * *
You feel better.
The skeletal warrior hits you with a +0 battleaxe!!
* * * LOW HITPOINT WARNING * * *
You feel better.
The skeletal warrior hits you with a +0 battleaxe!!
You die...

#.#.####.....# #[)# #).#.##.
#.#..###.....# #[.# ##.).##.
#.#.#......#.# #)[#########.##.
#.#..#######.## #.[##........##.
#.#..######.#.####.[##.#########.
#..........###...<.(#...########.
#.........#.#..####...#..........
###..#######.#.######...####.....
#..# #.#.z@......## #.####
#..#######.########### #.#
#..........# #.# ##.........# #.#
#########.# #.# #.# #.# #.# #.#
#.# #.# #.# ##########.#


You could see a skeletal warrior.

Vanquished Creatures
  Harold (Lair:2)
  2 hydras
  A catoblepas (Lair:4)
  4 two-headed ogres
  17 death yaks
  A boulder beetle (Lair:4)
  Urug (D:10)
  Nergalle (D:10)
  A goliath frog (Lair:5)
  4 skeletal warriors
  An orb spider (Lair:3)
  Pikel (D:8)
  4 oklob plants (Lair:4)
  14 elephants (Lair:1)
  6 black mambas
  A gargoyle (D:10)
  Maggie (Lair:1)
  16 cane toads
  Psyche (D:10)
  7 komodo dragons
  2 torpor snails
  A freezing wraith (D:11)
  4 rime drakes
  2 tyrant leeches (Lair:5)
  4 polar bears (Lair:4)
  A troll (D:10)
  A hornet (D:9)
  33 blink frogs
  3 dream sheep (Lair:4)
  Sigmund (D:3)
  A wyvern (Lair:3)
  3 wraiths
  45 yaks
  3 steam dragons
  5 vampire mosquitoes (Lair:5)
  3 acid dragons
  12 water moccasins
  2 ice beasts
  4 orc warriors
  2 black bears
  2 ogres
  A sky beast (D:7)
  5 wolves (Lair:3)
  3 centaurs
  A lemure (D:8)
  20 bullfrogs
  2 gnoll sergeants
  3 necrophages
  4 scorpions
  7 wights
  13 killer bees
  6 electric eels
  5 howler monkeys
  4 jellies
  4 orc priests
  A gnoll bouda (D:8)
  4 hounds
  3 iguanas
  14 orc wizards
  Ijyb (D:3)
  14 gnolls
  4 adders
  3 white imps
  2 ufetubi (D:5)
  3 worms
  A dart slug (D:10)
  57 orcs
  5 endoplasms
  7 giant cockroaches
  9 goblins
  9 hobgoblins
  3 jackals (D:2)
  7 kobolds
  3 quokkas
  2 ball pythons
  2 bats
  7 frilled lizards
  5 rats
463 creatures vanquished.

Vanquished Creatures (collateral kills)
  A hydra (Lair:5)
  A death yak (Lair:3)
  A black mamba (Lair:1)
  3 cane toads
  A torpor snail (Lair:3)
  3 komodo dragons
  A blink frog (Lair:5)
  A yak (Lair:5)
  A black bear (Lair:4)
  A bullfrog (Lair:5)
  An electric eel (Lair:1)
  An orc priest (D:10)
  An orc wizard (D:10)
  An orc (D:10)
18 creatures vanquished.

Vanquished Creatures (others)
  571 foxfires
  41 fungi
  145 plants
757 creatures vanquished.

Grand Total: 1238 creatures vanquished

Notes
Turn   | Place    | Note
-------+----------+-------------------------------------------
     0 | D:1      | browni3141 the Djinni Fire Elementalist began the quest for
                  | the Orb.
     0 | D:1      | browni3141 set off with the following spells memorised:
                  | Foxfire, Scorch, Kindle Blastsparks, Inner Flame, Flame
                  | Wave.
     0 | D:1      | Reached XP level 1. HP: 15/15 MP: 0/0
     8 | D:1      | Noticed a naga
    11 | D:1      | Noticed a vine stalker
    21 | D:1      | Noticed a human
   130 | D:1      | Reached skill level 1 in Fighting
   198 | D:1      | Reached XP level 2. HP: 20/22 MP: 0/0
   776 | D:1      | Reached XP level 3. HP: 27/28 MP: 0/0
   776 | D:1      | Learned a level 1 spell: Shock
  1257 | D:2      | Reached skill level 3 in Spellcasting
  1486 | D:2      | Found the +2 ratskin cloak {*Rats rPois rN+ Str-1 Int-1
                  | Dex+1}
  1560 | D:2      | Reached XP level 4. HP: 31/33 MP: 0/0
  1939 | D:3      | Found Pulesung's Armour Shoppe.
  1988 | D:3      | Noticed Sigmund
  2070 | D:3      | Found Hueschos's Weapon Shop.
  2157 | D:3      | Killed Sigmund
  2158 | D:3      | Reached skill level 4 in Spellcasting
  2158 | D:3      | Reached XP level 5. HP: 30/38 MP: 0/0
  2158 | D:3      | Learned a level 2 spell: Wereblood
  2158 | D:3      | Reached XP level 6. HP: 33/43 MP: 0/0
  2379 | D:3      | Noticed Ijyb
  2393 | D:3      | Killed Ijyb
  2495 | D:3      | Found Berr's Armour Boutique.
  2714 | D:3      | Reached skill level 5 in Spellcasting
  2741 | D:3      | Found Vatoagyo's Armour Shoppe.
  2807 | D:3      | Found Beddepev's Antique Weapon Shop.
  3059 | D:4      | Found a staircase to the Ecumenical Temple.
  3100 | Temple   | Entered the Ecumenical Temple
  3425 | D:4      | Identified the +0 scale mail of Makhleb's Displeasure
                  | {Int+5}
  3481 | D:4      | Found a hazy altar of Hepliaklqana.
  3584 | D:4      | Reached XP level 7. HP: 45/50 MP: 0/0
  3584 | D:4      | Learned a level 2 spell: Searing Ray
  3696 | D:4      | Found Ujarphiosm's Weapon Shoppe.
  4128 | D:5      | Entered Level 5 of the Dungeon
  4455 | D:5      | Reached XP level 8. HP: 55/58 MP: 0/0
  4485 | D:5      | Reached skill level 6 in Spellcasting
  4747 | D:5      | Found a glowing silver altar of Zin.
  4747 | D:5      | Found a glowing golden altar of the Shining One.
  4748 | D:5      | Found a white marble altar of Elyvilon.
  4944 | D:6      | Reached skill level 7 in Spellcasting
  5201 | D:6      | Identified the +7 sling of Icyanixy {flame, *Slow rCorr
                  | Dex+8}
  5207 | D:6      | Noticed a two-headed ogre
  5221 | D:6      | Killed a two-headed ogre
  5222 | D:6      | Reached skill level 8 in Spellcasting
  5222 | D:6      | Reached XP level 9. HP: 11/66 MP: 0/0
  5222 | D:6      | Learned a level 4 spell: Cause Fear
  5603 | D:6      | Found a burning altar of Makhleb.
  5603 | D:6      | Noticed an Executioner
  6686 | D:7      | Found a blossoming altar of Fedhas.
  6740 | D:7      | Reached XP level 10. HP: 75/75 MP: 0/0
  6754 | D:7      | Reached skill level 1 in Long Blades
  6833 | D:7      | Reached skill level 9 in Spellcasting
  7504 | D:8      | Found Qisy's Assorted Antiques.
  7544 | D:8      | Found a staircase to the Lair.
  7597 | D:8      | Noticed Pikel
  7602 | D:8      | Killed Pikel
  7791 | D:8      | Found Fauresed's Assorted Antiques.
  7802 | D:8      | Found a shimmering altar of Xom.
  7875 | D:8      | Found Teoc's Book Shoppe.
  8078 | D:8      | Found Roxkogg's Armour Boutique.
  8131 | D:8      | Bought a scroll of identify for 52 gold pieces
  8131 | D:8      | Bought a scroll of identify for 52 gold pieces
  8163 | D:9      | Noticed a two-headed ogre
  8163 | D:9      | Found an opulent altar of Gozag.
  8194 | D:9      | Killed a two-headed ogre
  8195 | D:9      | Reached skill level 5 in Long Blades
  8297 | D:9      | Reached XP level 11. HP: 79/79 MP: 0/0
  8297 | D:9      | Learned a level 5 spell: Arcjolt
  8324 | D:9      | Reached skill level 10 in Spellcasting
  9212 | D:10     | Entered Level 10 of the Dungeon
  9309 | D:6      | Became a worshipper of Makhleb the Destroyer
  9863 | D:10     | Noticed Nergalle
 10146 | Lair:1   | Entered Level 1 of the Lair of Beasts
 10319 | Lair:1   | Reached skill level 1 in Armour
 10669 | Lair:1   | Noticed an elephant
 10670 | Lair:1   | Noticed an elephant
 10686 | Lair:1   | Killed an elephant
 10705 | Lair:1   | Noticed an elephant
 10706 | Lair:1   | Noticed an elephant
 10712 | Lair:1   | Noticed an elephant
 10715 | Lair:1   | Killed an elephant
 10716 | Lair:1   | HP: 4/82 [cloud of flame (7)]
 10717 | Lair:1   | Killed an elephant
 10735 | Lair:1   | Killed an elephant
 10738 | Lair:1   | Killed an elephant
 11063 | Lair:1   | Noticed an elephant
 11063 | Lair:1   | Noticed an elephant
 11063 | Lair:1   | Noticed an elephant
 11064 | Lair:1   | Noticed an elephant
 11064 | Lair:1   | Noticed an elephant
 11085 | Lair:1   | Noticed an elephant
 11098 | Lair:1   | Killed an elephant
 11098 | Lair:1   | Killed an elephant
 11098 | Lair:1   | Killed an elephant
 11098 | Lair:1   | Killed an elephant
 11098 | Lair:1   | HP: 4/84 [spore (16)]
 11098 | Lair:1   | Killed an elephant
 11098 | Lair:1   | Reached * piety under Makhleb
 11099 | Lair:1   | Reached skill level 5 in Armour
 11099 | Lair:1   | Reached XP level 12. HP: 4/89 MP: 0/0
 11178 | Lair:1   | Noticed Maggie
 11371 | Lair:1   | Killed Maggie
 11559 | Lair:1   | Noticed a death yak
 11559 | Lair:1   | Noticed a death yak
 11559 | Lair:1   | Noticed a death yak
 11560 | Lair:1   | Noticed a death yak
 11627 | Lair:1   | Killed a death yak
 11645 | Lair:1   | Reached skill level 11 in Spellcasting
 11681 | Lair:1   | Killed a death yak
 11685 | Lair:1   | Killed a death yak
 11700 | Lair:1   | Killed a death yak
 12887 | Lair:2   | Reached skill level 12 in Spellcasting
 13070 | Lair:2   | Reached skill level 1 in Invocations
 13382 | Lair:2   | You are sucked into a shaft and drop 1 floor!
 13391 | Lair:3   | Noticed a death yak
 13391 | Lair:3   | Noticed a death yak
 13394 | Lair:3   | Noticed a death yak
 13403 | Lair:3   | Noticed a death yak
 13433 | Lair:3   | Reached XP level 13. HP: 93/94 MP: 0/0
 13433 | Lair:3   | Learned a level 5 spell: Iskenderun's Battlesphere
 13506 | Lair:3   | Reached skill level 10 in Fighting
 13632 | Lair:3   | Reached ** piety under Makhleb
 13820 | Lair:3   | Found a hole to the Spider Nest.
 14437 | Lair:3   | Reached skill level 5 in Invocations
 14513 | Lair:3   | Found a staircase to the Shoals.
 15156 | Lair:3   | Found a runed translucent door.
 15315 | Lair:3   | Noticed a seven-headed hydra
 15391 | Lair:3   | Killed a seven-headed hydra
 15478 | Lair:2   | Noticed Harold
 15493 | Lair:2   | Killed Harold
 15702 | Lair:2   | Reached skill level 1 in Evocations
 16327 | Shoals:1 | Entered Level 1 of the Shoals
 16333 | Shoals:1 | Noticed a merfolk impaler
 16438 | Lair:4   | Found a staircase to the Slime Pits.
 16671 | Lair:4   | Reached XP level 14. HP: 42/105 MP: 0/0
 16888 | Lair:4   | Reached skill level 5 in Evocations
 17359 | Lair:4   | Reached *** piety under Makhleb
 18342 | Lair:4   | Reached skill level 10 in Long Blades
 18858 | Lair:5   | Entered Level 5 of the Lair of Beasts
 19553 | Lair:5   | Reached **** piety under Makhleb
 20050 | Lair:5   | Identified the +1 ring mail "Qyitopp" {rElec}
 20245 | Lair:5   | Reached skill level 13 in Spellcasting
 20245 | Lair:5   | Reached XP level 15. HP: 96/110 MP: 0/0
 20245 | Lair:5   | Learned a level 6 spell: Dispersal
 21412 | Lair:4   | Reached ***** piety under Makhleb
 21751 | D:11     | Found a staircase to the Orcish Mines.
 22207 | D:10     | Noticed Urug
 22598 | D:10     | Killed Urug
 22612 | D:10     | Killed Nergalle
 22762 | D:10     | Reached skill level 14 in Spellcasting
 22776 | D:10     | Reached skill level 1 in Shields
 22834 | D:10     | Found a snail-covered altar of Cheibriados.
 22911 | D:10     | Noticed Psyche
 22918 | D:10     | Killed Psyche
 24373 | D:11     | Found a runed translucent door.
 24378 | D:11     | Noticed a fire giant
 24742 | D:11     | Demolished by a skeletal warrior

Illustrated notes

Levels and vault maps discovered:
D:1:      shiori_arrival_whats_in_store_for_you, layout_basic, serial_forest,
          infiniplex_forest_end_2, infiniplex_forest_clump_medium,
          infiniplex_forest_3_way, infiniplex_forest_lined_room_2,
          infiniplex_forest_straight_4, minmay_pentomino_u4
D:2:      layout_basic
D:3:      layout_loops_corners, serial_shops, nicolae_shop_overgrown_old_shop,
          nicolae_shop_waterfront, shop_statue, nicolae_shop_stone, shop,
          uniq_ijyb, uniq_sigmund
D:4:      layout_loops_cross, mainiacjoe_overflow_small_starburst,
          vehumet_altar_wand_db, minmay_temple_entry_statues_pillars,
          serial_shops, shop
D:5:      layout_basic, good_gods_mini_temple, minmay_door_square
D:6:      layout_basic, makhleb_altar_promises_db, abandoned_shop
D:7:      layout_loops_corners, lemuel_round_altar
D:8:      layout_gridville, mainiacjoe_overflow_six_doors_small,
          lair_entry_dummy, serial_shops, nicolae_shop_crystal, shop,
          nicolae_shop_advertising_works [nicolae_subvault_shop_adworks],
          nicolae_shop_overgrown_old_shop, uniq_pikel
D:9:      layout_roguey, kennysheep_mini_moat,
          mainiacjoe_overflow_cross_hatched, chequers_big_river,
          hangedman_decor_peaks_small
D:10:     layout_basic, kennysheep_slug_shrine, uniq_urug, uniq_nergalle,
          uniq_psyche
D:11:     layout_loops_ring, hiddenorc2_lemuel, minivault_13
Temple:   minmay_temple_curvy_loop
Lair:1:   layout_gridlike, serial_bayou_shore_a, uniq_maggie
Lair:2:   layout_cave_shapes, beast_lair_carwin_3, uniq_harold
Lair:3:   layout_misc_corridors, shoals_dummy_entry,
          nicolae_spider_entry_orb_guardian, pf_torpor_hydra,
          grunt_megastairs_1, infiniplex_staircase_pool_2
Lair:4:   layout_hall_layers, minmay_slime_entry_oklob_open,
          nicolae_lair_yak_garden, lemuel_fruit_tree
Lair:5:   minmay_lair_end_frog_pond, layout_cave_pods
Shoals:1: layout_shoals, nicolae_shoals_wave_tunnel

Skill      XL: |  1  2  3  4  5  6  7  8  9 10 11 12 13 14 15 |
---------------+----------------------------------------------+-----
Fighting       | 1 2 3 4 6 7 9 11 | 11.2
Spellcasting   | 3 4 5 8 9 10 12 13 14 | 14.0
Long Blades    | 5 8 11 | 11.1
Armour         | 5 |  5.0
Invocations    | 2 8 |  8.0
Evocations     | 4 5 |  5.0
Shields        | 2 |  2.1
Dodging        | 3 |  3.3
Stealth        | |  1.5

Action                   |  1- 3 |  4- 6 |  7- 9 | 10-12 | 13-15 || total
-------------------------+-------+-------+-------+-------+-------++-------
Melee: Unarmed           |    18 |    11 |     4 |       |       ||    33
       Scimitar          |       |       |       |       |   104 ||   104
       Punch             |       |       |       |       |     1 ||     1
 Fire: Sling             |       |       |    46 |   465 |   342 ||   853
 Cast: Foxfire           |    62 |    85 |    87 |     4 |   102 ||   340
       Scorch            |     2 |     3 |    22 |    15 |   134 ||   176
       Kindle Blastspark |       |     1 |     4 |    18 |    20 ||    43
       Inner Flame       |       |       |     3 |    17 |    36 ||    56
       Searing Ray       |       |       |     2 |     5 |     6 ||    13
       Arcjolt           |       |       |       |     1 |    10 ||    11
       Shock             |       |       |       |     1 |     1 ||     2
       Flame Wave        |       |       |       |     4 |    18 ||    22
       Iskenderun's Batt |       |       |       |       |     4 ||     4
       Cause Fear        |       |       |       |       |     1 ||     1
       Dispersal         |       |       |       |       |     5 ||     5
       Wereblood         |       |       |       |       |     1 ||     1
Invok: Lesser Servant of |       |       |       |       |     2 ||     2
Evoke: Wand              |       |       |     1 |     3 |    33 ||    37
  Use: Scroll            |       |       |     5 |    12 |    14 ||    31
       Potion            |       |       |       |       |     8 ||     8
 Stab: Paralysed         |       |       |       |       |     5 ||     5
       Distracted        |       |       |       |       |     1 ||     1
Armor: Robe              |     5 |     5 |    12 |    39 |       ||    61
       Scale mail        |       |       |       |    50 |    91 ||   141
Dodge: Dodged            |    22 |    13 |    34 |   116 |   137 ||   322
Block: Other             |     3 |     3 |    13 |    52 |    77 ||   148
       Reflection        |       |       |     3 |     3 |     1 ||     7

Table legend: (Time is in decaauts)
 A = Elapsed time spent in this place.
 B = Non-inter-level travel time spent in this place.
 C = Inter-level travel time spent in this place.
 D = Time resting spent in this place.
 E = Time spent auto-exploring this place.
 F = Levels seen in this place.
 G = Mean time per level.
                   A        B        C        D        E       F      G
               +--------+--------+--------+--------+--------+-----+--------+
         Total |  25238 |  24210 |   1028 |   4086 |  15923 |  18 | 1402.1 |
       Dungeon |  13248 |  12511 |    737 |   1466 |   8970 |  11 | 1204.4 |
        Temple |    213 |    190 |     23 |      0 |    186 |   1 |  213.0 |
          Lair |  11763 |  11495 |    268 |   2620 |   6763 |   5 | 2352.6 |
        Shoals |     12 |     12 |      0 |      0 |      3 |   1 |   12.0 |
               +--------+--------+--------+--------+--------+-----+--------+

Top non-repeatable levels by time:
  Lair:3: 2900 daAuts
  Lair:1: 2821 daAuts
  Lair:4: 2351 daAuts
  Lair:5: 2283 daAuts
    D:10: 1899 daAuts
    D:11: 1599 daAuts
     D:9: 1535 daAuts
  Lair:2: 1407 daAuts
     D:6: 1231 daAuts
     D:7: 1205 daAuts
     D:1: 1134 daAuts
     D:3: 1124 daAuts
     D:8: 1093 daAuts
     D:4: 868 daAuts
     D:2: 785 daAuts
